 Dungeon Crawl Stone Soup version 0.21.1-1-g345015f (webtiles) character file.

148 twistedcrescendo the Skirmisher (level 5, 0/48 HPs)
             Began as a Minotaur Berserker on July 3, 2018.
             Was a Believer of Trog.
             Succumbed to an orc wizard's poison
             ... on level 3 of the Dungeon.
             The game lasted 00:05:25 (1220 turns).

twistedcrescendo the Skirmisher (MiBe)              Turns: 1220, Time: 00:05:26

Health: 0/48       AC:  2    Str: 21    XL:     5   Next: 8%
Magic:  4/4        EV: 12    Int:  4    God:    Trog [**....]
Gold:   177        SH:  0    Dex: 11    Spells: 4/4 levels left

rFire    . . .     SeeInvis .   a - +0 mace
rCold    . . .     Gourm    .   (no shield)
rNeg     . . .     Faith    .   b - +0 animal skin
rPois    .         Spirit   .   (helmet restricted)
rElec    .         Reflect  .   (no cloak)
rCorr    .         Harm     .   (no gloves)
MR       .....                  (no boots)
Stlth    +.........             (no amulet)
HPRegen  0.16/turn              (no ring)
MPRegen  0.09/turn              (no ring)

@: lethally poisoned (0 -> -6), berserk cooldown, slowed, very slow
A: retaliatory headbutt, horns 2
a: Berserk, Trog's Hand, Burn Spellbooks, Renounce Religion


You were on level 3 of the Dungeon.
You worshipped Trog.
Trog was pleased with you.
You were hungry.

You visited 1 branch of the dungeon, and saw 3 of its levels.

You collected 177 gold pieces.

Inventory:

Hand Weapons
 a - a +0 mace (weapon)
 i - a cursed -2 hand axe
Armour
 b - a +0 animal skin (worn)
Jewellery
 l - an uncursed amulet of harm {unknown}
 o - a +2 ring of strength {unknown}
Scrolls
 h - 2 scrolls of teleportation {unknown}
 j - a scroll of random uselessness {unknown}
 m - a scroll of magic mapping {unknown}
 n - a scroll of immolation {unknown}
Potions
 e - 2 potions of cancellation {unknown}
 f - 3 potions of invisibility {unknown}
 g - 3 potions of lignification {unknown}
 k - a potion of haste {unknown}
 p - a potion of might {unknown}
Comestibles
 c - 2 rations
 d - a chunk of flesh


   Skills:
 + Level 5.5 Fighting
 + Level 5.5 Maces & Flails
 - Level 2.5 Armour
 - Level 2.2 Dodging


You had 4 spell levels left.
You didn't know any spells.

Dungeon Overview and Level Annotations

Branches:
Dungeon (3/15)

Altars:
Hepliaklqana
Nemelex Xobeh


Innate Abilities, Weirdness & Mutations

You reflexively headbutt those who attack you in melee.
You have a pair of horns on your head.


Message History

* * * LOW HITPOINT WARNING * * *
You feel sick. The orc closely misses you.
Things that are here:
a club; a hand axe You barely miss the orc.
* * * LOW HITPOINT WARNING * * *
You feel sick.
You barely miss the orc.
You kill the orc!
Trog accepts your kill.
* * * LOW HITPOINT WARNING * * *
You feel sick.
Things that are here:
a club; a scale mail; an orc corpse You feel a strong urge to attack something.
You are no longer berserk.
You are exhausted.
You feel yourself slow down.
You die...

#######.#..#####..#
................
###..#.#..###...
#.............
##.####.#......#...
............#..# .
#.#.##.###.#..# #)#
#.#..# #@# #....#
#)# ..##.# #.# .#
... ..... .####.#
.. .# .. .. ## #.


There were no monsters in sight!

Vanquished Creatures
  An orc priest (D:3)
  An orc wizard (D:3)
  3 adders (D:2)
  2 oozes
  2 dart slugs
  3 orcs (D:3)
  A giant cockroach (D:1)
  3 goblins (D:2)
  7 hobgoblins
  5 jackals
  5 kobolds (D:1)
  A ball python (D:2)
  6 bats
  5 frilled lizards
  3 rats (D:1)
48 creatures vanquished.

Notes
Turn   | Place    | Note
-------+----------+-------------------------------------------
     0 | D:1      | twistedcrescendo the Minotaur Berserker began the quest for the Orb.
     0 | D:1      | Reached XP level 1. HP: 19/19 MP: 0/0
     6 | D:1      | Noticed a black bear
     6 | D:1      | Noticed an iguana
     6 | D:1      | Noticed a black mamba
    64 | D:1      | Reached XP level 2. HP: 17/27 MP: 1/1
   251 | D:1      | Reached ** piety under Trog
   256 | D:1      | Reached XP level 3. HP: 24/34 MP: 2/2
   587 | D:2      | Found a sparkling altar of Nemelex Xobeh.
   969 | D:2      | Reached XP level 4. HP: 41/41 MP: 3/3
   970 | D:2      | Found a hazy altar of Hepliaklqana.
  1183 | D:3      | Reached skill level 5 in Fighting
  1190 | D:3      | Reached skill level 5 in Maces & Flails
  1212 | D:3      | HP: 3/63 [poisoned by an orc wizard]
  1214 | D:3      | Reached XP level 5. HP: 4/48 MP: 4/4
  1217 | D:3      | HP: 2/72 [poisoned by an orc wizard]
  1220 | D:3      | Succumbed to an orc wizard's poison

Skill      XL: |  1  2  3  4 |
---------------+-------------+-----
Fighting       | 4 5 |  5.5
Maces & Flails | 4 5 |  5.5
Armour         | |  2.5
Dodging        | |  2.2

Action                   |  1- 3 |  4- 6 || total
-------------------------+-------+-------++-------
Melee: Mace              |    78 |    23 ||   101
       Headbutt          |    13 |     2 ||    15
Invok: Berserk           |       |     1 ||     1
  Eat: Chunk             |       |     1 ||     1
Armor: Animal skin       |    14 |     3 ||    17
Dodge: Dodged            |    51 |     8 ||    59
